 Dungeon Crawl Stone Soup version 0.27-a0-1502-g47ed6a6988 (webtiles) character file.

Game seed: 12581965235465693260

86641 quinnr the Stormcaller (level 15, 0/90 HPs)
             Began as a Tengu Air Elementalist on July 8, 2021.
             Was a High Priest of Vehumet.
             Slain by a freezing wraith (23 damage)
             ... on level 12 of the Dungeon.
             The game lasted 01:37:32 (35016 turns).

quinnr the Stormcaller (Tengu Air Elementalist)    Turns: 35016, Time: 01:37:33

Health: 0/90       AC:  7    Str:  9    XL:     15   Next: 87%
Magic:  5/29       EV: 20    Int: 21    God:    Vehumet [*****.]
Gold:   532        SH:  0    Dex: 15    Spells: 6/32 levels left

rFire    + . .     SeeInvis .   m - staff of air
rCold    . . .     Faith    .   (no shield)
rNeg     . . .     Spirit   .   J - +2 robe {Will+}
rPois    .         Reflect  .   (helmet restricted)
rElec    +         Harm     .   A - +1 cloak
rCorr    .         Rampage  .   X - +0 pair of gloves
Will     ++...                  (boots unavailable)
Stlth    +++.......             (no amulet)
HPRegen  0.25/turn              U - ring of wizardry
MPRegen  0.21/turn              y - ring of protection from fire

@: flying quickly and evasively, slowed, very slow
A: beak, talons 3, nimble flight
a: Renounce Religion


You were on level 12 of the Dungeon.
You worshipped Vehumet.
Vehumet was extremely pleased with you.
You visited 4 branches of the dungeon, and saw 21 of its levels.

You collected 1718 gold pieces.
You spent 1186 gold pieces at shops.

Inventory:

Hand Weapons
 l - a +3 dagger of flaming
 t - the +3 trident of Eclujuac {elec, Int+3}
   (You took it off a gnoll on level 5 of the Dungeon)

   Occasionally, upon striking a foe, it can discharge electrical energy and
   cause terrible harm.
   Int:       It affects your intelligence (+3).
Missiles
 i - a curare-tipped dart
 q - 69 poisoned darts
 s - a throwing net
 D - 3 boomerangs of dispersal
Armour
 A - a +1 cloak (worn)
 J - a +2 robe of willpower (worn)
 X - a +0 pair of gloves (worn)
Magical Staves
 m - a staff of air (weapon)
 F - a staff of fire
 Z - a staff of cold
Jewellery
 v - a +6 ring of strength
 y - a ring of protection from fire (right hand)
 E - an amulet of magic regeneration
 H - a ring of see invisible
 M - an amulet of reflection
 S - a +6 ring of intelligence
 U - a ring of wizardry (left hand)
Wands
 a - a wand of acid (11)
 C - a wand of flame (61)
 L - a wand of iceblast (24)
 V - a wand of polymorph (7)
 W - a wand of mindburst (20)
Scrolls
 c - 3 scrolls of magic mapping
 f - a scroll of blinking
 g - 3 scrolls of enchant weapon
 j - 4 scrolls of amnesia
 k - 8 scrolls of teleportation
 p - 3 scrolls of fog
 r - a scroll of identify
 I - a scroll of holy word
 P - 5 scrolls of fear
 R - 2 scrolls of immolation {unknown}
 Y - a scroll of enchant armour
Potions
 b - 3 potions of invisibility
 d - 2 potions of haste
 h - 8 potions of curing
 n - 3 potions of attraction
 o - 3 potions of mutation
 u - 3 potions of heal wounds
 w - 2 potions of brilliance
 x - 6 potions of cancellation
 z - 2 potions of berserk rage
 K - a potion of magic
 N - 2 potions of resistance
 O - a potion of might
 T - 3 potions of lignification
Miscellaneous
 e - a tin of tremorstones (2/2)
 Q - a box of beasts


   Skills:
 - Level 9.0 Fighting
 - Level 2.0 Armour
 - Level 10.0 Dodging
 - Level 4.0 Stealth
 + Level 9.3 Spellcasting
 - Level 10.0 Conjurations
 - Level 2.0 Transmutations
 - Level 2.0 Fire Magic
 - Level 6.0 Ice Magic
 - Level 20.9 Air Magic
 - Level 3.0 Poison Magic
 - Level 10.0 Evocations


You had 6 spell levels left.
You knew the following spells:

 Your Spells              Type           Power      Damage    Failure   Level
a - Shock                 Conj/Air       100%       1d9       0%          1
b - Airstrike             Air            49%        N/A       0%          4
c - Swiftness             Air            98%        N/A       0%          3
d - Mephitic Cloud        Conj/Pois/Air  72%        N/A       1%          3
e - Ignite Poison         Fire/Tmut/Pois 19%        N/A       1%          3
f - Freezing Cloud        Conj/Ice/Air   37%        6-21      1%          5
g - Static Discharge      Conj/Air       84%        N/A       0%          2
h - Lightning Bolt        Conj/Air       42%        1d61      1%          5

Your spell library contained the following spells:

 Spells                   Type           Power      Damage    Failure   Level
 Conjure Ball Lightning   Conj/Air       42%        3x3d15    1%          6
 Beastly Appendage        Tmut           36%        N/A       1%          1
 Foxfire                  Conj/Fire      100%       2x1d9     1%          1
 Freeze                   Ice            100%       1d11      1%          1
 Magic Dart               Conj           100%       1d8       1%          1
 Poisonous Vapours        Pois/Air       100%       N/A       1%          2
 Wereblood                Tmut           18%        N/A       1%          2
 Conjure Flame            Conj/Fire      35%        6-21      1%          3
 Frozen Ramparts          Ice            70%        1d9       1%          3
 Inner Flame              Hex/Fire       14%        N/A       1%          3
 Ozocubu's Armour         Ice            35%        N/A       1%          3
 Fulminant Prism          Conj/Hex       15%        3d11      1%          4
 Hailstorm                Conj/Ice       43%        3d10      1%          4
 Sticky Flame             Conj/Fire      35%        2d5       1%          4
 Pain                     Necr           36%        1d5       2%          1
 Passwall                 Tmut/Erth      11%        N/A       2%          2
 Spider Form              Tmut/Pois      10%        N/A       3%          3
 Call Imp                 Summ           9%         N/A       4%          2
 Ice Form                 Ice/Tmut       26%        N/A       5%          4
 Confusing Touch          Hex            9%         N/A       9%          3
 Gell's Gravitas          Tloc           4%         N/A       9%          3
 Lesser Beckoning         Tloc           4%         N/A       9%          3
 Portal Projectile        Hex/Tloc       18%        N/A       9%          3
 Teleport Other           Tloc           9%         N/A       9%          3
 Tukima's Dance           Hex            9%         N/A       9%          3
 Summon Ice Beast         Ice/Summ       22%        N/A       9%          4
 Yara's Violent Unravell  Hex/Tmut       7%         3d5       13%         5
 Passage of Golubria      Tloc           N/A        N/A       26%         4
 Blade Hands              Tmut           9%         N/A       32%         5
 Agony                    Necr           9%         N/A       56%         5
 Excruciating Wounds      Necr           4%         N/A       56%         5
 Summon Forest            Summ/Tloc      4%         N/A       56%         5
 Dispersal                Tloc           4%         N/A       98%         6
 Invisibility             Hex            4%         N/A       98%         6
 Maxwell's Capacitive Co  Air            49%        ∞         1%          8
 Ozocubu's Refrigeration  Ice            17%        4d8       41%         7
 Chain Lightning          Conj/Air       42%        3d56      69%         9


Dungeon Overview and Level Annotations

Branches:
Dungeon (12/15)            Temple (1/1) D:5            Lair (6/6) D:11
 Shoals (0/4) Lair:4        Snake (0/4) Lair:2        Slime (0/5) Lair:6
    Orc (2/2) D:11            Elf (0/3) Orc:2

Altars:
Ashenzari
Cheibriados
Dithmenos
Elyvilon
Fedhas
Gozag
Hepliaklqana
Kikubaaqudgha
Makhleb
Nemelex Xobeh
Okawaru
Qazlal
Ru
Sif Muna
Trog
Uskayaw
Vehumet
Wu Jian
Xom
Yredelemnul
Zin
The Shining One
Beogh

Shops:
D:4 *   Orc:1 =(=:(   Orc:2 ((((

Portals:
Abyss: D:6

Annotations:
D:2 1 exclusion, Sigmund
D:4 3 runed translucent doors, dolemite99's ghost, amateur MiFi
D:6 2 transporters, dolemite99's ghost, novice GnNe
D:12 exclusion: death knight, Rupert


Innate Abilities, Weirdness & Mutations

You have a beak for a mouth.
You have claws for feet.
Your magical nature lets you fly swiftly and evasively.


Message History

The freezing wraith hits you! The freezing wraith drains your vigour!
You feel as though you will be slow longer.
Casting: Lightning Bolt (safe; 1% risk of failure)
Confirm with . or Enter, or press ? or * to list all spells.
Aiming: Lightning Bolt (safe; 1% risk of failure)
Press: ? - help, Shift-Dir - straight line, f/p - freezing wraith
Aim: a freezing wraith (heavily damaged, 68% to hit)
You feel a surge of power!
You hear a mighty clap of thunder!
The bolt of lightning misses the freezing wraith.
You hear an angry hiss.
The freezing wraith closely misses you. The freezing wraith barely misses you.
The freezing wraith closely misses you. The freezing wraith misses you.
Unknown command.
Casting: Lightning Bolt (safe; 1% risk of failure)
Confirm with . or Enter, or press ? or * to list all spells.
Aiming: Lightning Bolt (safe; 1% risk of failure)
Press: ? - help, Shift-Dir - straight line, f/p - freezing wraith
Aim: a freezing wraith (heavily damaged, 68% to hit)
You feel a surge of power!
You hear a mighty clap of thunder!
The bolt of lightning hits the freezing wraith!
The freezing wraith is severely damaged.
A tengu warrior comes into view. It is wielding a +0 broad axe.
The freezing wraith closely misses you. The freezing wraith hits you!
Unknown command.
Casting: Lightning Bolt (safe; 1% risk of failure)
Confirm with . or Enter, or press ? or * to list all spells.
Aiming: Lightning Bolt (safe; 1% risk of failure)
Press: ? - help, Shift-Dir - straight line, f/p - freezing wraith
Aim: a freezing wraith (severely damaged, 68% to hit)
You feel a surge of power!
You hear a mighty clap of thunder!
The bolt of lightning hits the freezing wraith but does no damage.
The freezing wraith is severely damaged.
The freezing wraith completely misses you.
The freezing wraith misses you. The freezing wraith hits you!
* * * LOW HITPOINT WARNING * * *
The freezing wraith freezes you!!
You die...

#....# ##...#
#...# ##..# #..
#..#####....
#...........
#...........
######.(....(...p
#....@....Q(.....
#....W.....###.##
#...).....##..#..
#....[...##..#.#.
#.....(.##..#...
#.......#..#..#
#.......#.#.†#
#........#..#
#.......#.#


You could see a tengu warrior and a freezing wraith.

Vanquished Creatures
  Snorg (D:11)
  Josephine (D:11)
  Harold (D:11)
  9 hydras
  2 ogre magi (Orc:2)
  A catoblepas (Lair:6)
  2 centaur warriors (D:12)
  Erica (D:8)
  A deep troll shaman (Lair:6)
  13 two-headed ogres
  10 death yaks
  A tengu warrior (D:11)
  Urug (D:11)
  2 deep trolls (Orc:2)
  An orc knight (D:11)
  Pikel (D:3)
  2 manticores
  7 cyclopes
  2 ugly things
  An orc sorcerer (Orc:1)
  2 oklob plants (Lair:2)
  24 elephants
  15 black mambas
  6 cane toads
  4 gargoyles (D:11)
  Maggie (D:8)
  An unseen horror (D:11)
  A torpor snail (Lair:6)
  2 kobold demonologists
  5 komodo dragons
  Psyche (D:11)
  A rime drake (Lair:5)
  2 yaktaurs (D:12)
  A merfolk (D:10)
  15 blink frogs
  14 trolls
  A wind drake (Lair:4)
  Grinder (D:5)
  A dream sheep (shapeshifter) (D:12)
  2 slime creatures
  2 centaur simulacra (D:12)
  36 yaks
  A human (D:10)
  7 wraiths
  4 wyverns
  6 hogs (Lair:5)
  3 basilisks
  5 vampire mosquitoes
  2 steam dragons
  7 wargs
  5 nagas (Lair:2)
  18 water moccasins
  18 orc warriors
  3 ice beasts
  A black bear (Lair:6)
  A hornet zombie (D:6)
  A sky beast (D:5)
  3 necrophages
  A wolf (shapeshifter) (D:12)
  22 ogres
  A boggart (D:12)
  27 wolves
  A centaur (D:8)
  A phantom (D:6)
  9 kobold brigands
  7 bullfrogs
  2 gnoll sergeants (D:9)
  2 scorpions
  A water moccasin skeleton (D:5)
  11 killer bees
  A howler monkey (D:7)
  5 electric eels
  2 jellies (Lair:6)
  4 centaur zombies
  5 hounds
  A bullfrog skeleton (D:5)
  A gnoll shaman (D:5)
  8 orc priests
  Jessica (D:3)
  3 iguanas
  17 orc wizards
  A killer bee zombie (D:6)
  2 hound skeletons (D:4)
  14 gnolls
  6 adders
  2 shadow imps
  A white imp (D:4)
  An adder skeleton (D:4)
  4 worms
  3 dart slugs
  67 orcs
  7 endoplasms
  3 giant cockroaches
  6 goblins
  5 hobgoblins
  5 jackals
  4 quokkas
  6 ball pythons
  3 bats
  3 frilled lizards
  17 kobolds
  5 rats
581 creatures vanquished.

Vanquished Creatures (collateral kills)
  Kirke (Lair:5)
  A boulder beetle (Lair:3)
2 creatures vanquished.

Vanquished Creatures (others)
  A kobold (D:10)
  50 fungi
  100 plants
151 creatures vanquished.

Grand Total: 734 creatures vanquished

Notes
Turn   | Place    | Note
-------+----------+-------------------------------------------
     0 | D:1      | quinnr the Tengu Air Elementalist began the quest for the
                  | Orb.
     0 | D:1      | Reached XP level 1. HP: 10/10 MP: 4/4
   271 | D:1      | Reached XP level 2. HP: 6/15 MP: 0/6
   562 | D:1      | Reached skill level 5 in Air Magic
  1181 | D:1      | Reached XP level 3. HP: 16/19 MP: 2/7
  1328 | D:2      | Noticed Sigmund
  1453 | D:2      | Reached skill level 6 in Air Magic
  2221 | D:2      | Found a faded altar of an unknown god.
  2478 | D:3      | Reached XP level 4. HP: 24/24 MP: 5/8
  2706 | D:3      | Learned a level 4 spell: Airstrike
  2824 | D:3      | Noticed Jessica
  2827 | D:3      | Killed Jessica
  2832 | D:3      | Reached skill level 7 in Air Magic
  3151 | D:3      | Noticed an ogre
  3163 | D:3      | Killed an ogre
  3164 | D:3      | Reached skill level 8 in Air Magic
  3164 | D:3      | Gained mutation: Your magical nature lets you fly swiftly
                  | and evasively. [Tengu growth]
  3164 | D:3      | Reached XP level 5. HP: 28/28 MP: 0/9
  3592 | D:4      | Noticed an ice beast
  3627 | D:4      | Killed an ice beast
  3628 | D:4      | Reached XP level 6. HP: 27/32 MP: 0/10
  3771 | D:4      | Noticed Pikel
  3837 | D:3      | Killed Pikel
  3838 | D:3      | Reached skill level 10 in Air Magic
  3838 | D:3      | Reached XP level 7. HP: 25/36 MP: 0/13
  4147 | D:4      | Reached skill level 11 in Air Magic
  4147 | D:4      | Reached XP level 8. HP: 41/41 MP: 5/15
  4242 | D:4      | Found a runed translucent gate.
  4242 | D:4      | Found a runed translucent gate.
  4243 | D:4      | Found a runed translucent gate.
  4251 | D:4      | Noticed dolemite99's ghost (amateur MiFi)
  4383 | D:4      | Found Qarch's General Store.
  4386 | D:4      | Bought a scroll of identify for 24 gold pieces
  4386 | D:4      | Bought a scroll of magic mapping for 42 gold pieces
  4531 | D:4      | Reached skill level 1 in Fighting
  4689 | D:5      | Entered Level 5 of the Dungeon
  4714 | D:5      | Found a shadowy altar of Dithmenos.
  4775 | D:5      | Noticed Grinder
  4778 | D:5      | Killed Grinder
  5593 | D:5      | Reached XP level 9. HP: 50/52 MP: 14/16
  5611 | D:5      | Identified the +3 trident of Eclujuac {elec, Int+3}
  5851 | D:5      | Reached skill level 5 in Spellcasting
  6166 | D:5      | Found a staircase to the Ecumenical Temple.
  6515 | Temple   | Entered the Ecumenical Temple
  6560 | Temple   | Became a worshipper of Vehumet
  7114 | D:6      | Found a sparkling altar of Nemelex Xobeh.
  7217 | D:6      | Found a transporter.
  7217 | D:6      | Found a one-way gate to the infinite horrors of the Abyss.
  7217 | D:6      | Noticed dolemite99's ghost (novice GnNe)
  7256 | D:6      | Noticed a red ugly thing
  7341 | D:6      | Noticed a thrashing horror
  7387 | D:6      | Found a transporter.
  7445 | D:6      | Reached skill level 5 in Conjurations
  7448 | D:6      | Reached skill level 12 in Air Magic
  7756 | D:6      | Found a basalt altar of Yredelemnul.
  7979 | D:6      | Found an ancient bone altar of Kikubaaqudgha.
  8032 | D:6      | Reached * piety under Vehumet
  8032 | D:6      | Offered knowledge of Foxfire by Vehumet.
  8654 | D:7      | Noticed a kobold demonologist
  9063 | D:7      | Reached skill level 13 in Air Magic
  9063 | D:7      | Reached XP level 10. HP: 56/56 MP: 11/20
  9077 | D:7      | Killed a kobold demonologist
  9355 | D:7      | Reached skill level 14 in Air Magic
  9872 | D:8      | Noticed Maggie
  9874 | D:8      | Noticed Erica
  9878 | D:8      | Killed Maggie
 10404 | D:8      | Killed Erica
 10405 | D:8      | Reached skill level 15 in Air Magic
 10875 | D:9      | Offered knowledge of Searing Ray by Vehumet.
 10876 | D:9      | Reached ** piety under Vehumet
 11170 | D:9      | Noticed a cyclops
 11177 | D:9      | Killed a cyclops
 11299 | D:9      | Got the Guide on Freezing Bewitchment
 11539 | D:9      | Found an ornate altar of the Wu Jian Council.
 11554 | D:9      | Reached skill level 16 in Air Magic
 11781 | D:9      | Reached XP level 11. HP: 61/61 MP: 8/21
 12414 | D:9      | Noticed a two-headed ogre
 12425 | D:9      | Killed a two-headed ogre
 12426 | D:9      | Reached skill level 17 in Air Magic
 13208 | D:10     | Entered Level 10 of the Dungeon
 13353 | D:10     | Noticed a two-headed ogre
 13356 | D:10     | Killed a two-headed ogre
 13506 | D:10     | Found a glowing silver altar of Zin.
 13521 | D:10     | Offered knowledge of Dazzling Flash by Vehumet.
 14111 | D:10     | Found a shimmering altar of Xom.
 14900 | D:11     | Noticed Psyche
 15205 | D:11     | Killed Psyche
 15389 | D:11     | Found a staircase to the Orcish Mines.
 15392 | D:11     | Reached *** piety under Vehumet
 15544 | D:11     | Noticed a green ugly thing
 15579 | D:10     | Killed a green ugly thing
 15878 | D:11     | Reached skill level 18 in Air Magic
 16038 | D:11     | Noticed Urug
 16043 | D:11     | Killed Urug
 16044 | D:11     | Reached XP level 12. HP: 66/66 MP: 5/24
 16219 | D:11     | Found a staircase to the Lair.
 16476 | D:11     | Noticed Josephine
 16479 | D:11     | Upgraded the game from 0.27-a0-1500-g450c7e4133 to
                  | 0.27-a0-1502-g47ed6a6988
 16711 | D:11     | Noticed a two-headed ogre
 16731 | D:11     | Killed a two-headed ogre
 17079 | D:11     | Learned a level 3 spell: Swiftness
 17299 | D:12     | Noticed a death knight
 17331 | Lair:1   | Entered Level 1 of the Lair of Beasts
 17428 | Lair:1   | Reached skill level 19 in Air Magic
 17981 | Lair:1   | Offered knowledge of Inner Flame by Vehumet.
 17982 | Lair:1   | Reached skill level 5 in Dodging
 18440 | Lair:1   | Reached skill level 5 in Fighting
 18440 | Lair:1   | Noticed a six-headed hydra
 18467 | Lair:1   | Killed a six-headed hydra
 18846 | Lair:2   | Noticed an eight-headed hydra
 18847 | Lair:2   | Noticed a six-headed hydra
 18851 | Lair:2   | Killed an eight-headed hydra
 19166 | Lair:2   | Noticed a seven-headed hydra
 19170 | Lair:2   | Killed a seven-headed hydra
 19171 | Lair:2   | Reached XP level 13. HP: 74/74 MP: 12/26
 19441 | Lair:2   | Found a staircase to the Snake Pit.
 19453 | Lair:2   | Reached **** piety under Vehumet
 20460 | Lair:3   | Offered knowledge of Mephitic Cloud by Vehumet.
 20465 | Lair:3   | Learned a level 3 spell: Mephitic Cloud
 20467 | Lair:3   | Reached skill level 1 in Evocations
 20832 | Lair:3   | Reached skill level 1 in Poison Magic
 21780 | Lair:4   | Learned a level 3 spell: Ignite Poison
 22221 | Lair:4   | Found a staircase to the Shoals.
 22780 | Lair:4   | Reached skill level 5 in Evocations
 22942 | Lair:4   | Reached ***** piety under Vehumet
 22984 | Lair:4   | Got the Catalogue of Translocation
 23500 | Lair:4   | Reached skill level 1 in Fire Magic
 23628 | Lair:5   | Reached skill level 1 in Transmutations
 23628 | Lair:5   | Reached XP level 14. HP: 86/86 MP: 14/27
 23879 | Lair:5   | Offered knowledge of Freezing Cloud by Vehumet.
 23888 | Lair:5   | Learned a level 5 spell: Freezing Cloud
 24218 | Lair:5   | Reached skill level 1 in Ice Magic
 24354 | Lair:5   | Noticed Kirke
 24359 | Lair:5   | Killed Kirke
 24484 | Lair:5   | Reached skill level 20 in Air Magic
 24975 | Lair:6   | Entered Level 6 of the Lair of Beasts
 25437 | Lair:5   | Learned a level 2 spell: Static Discharge
 25437 | Lair:5   | quinnr: ??static discharge
 25437 | Lair:5   | beem: static discharge[1/2]: Hits between 1 and 8 adjacent
                  | enemies, based on power; if an enemy is rElec, skip them.
                  | For each target hit, if power remains, recursively arc out
                  | to another adjacent target (includes you, but for low
                  | damage), reducing power to 1/2 or 1/3. Checks rElec when
                  | hitting you. Hits invisible and flying enemies.
 25437 | Lair:5   | quinnr: ??static discharge[2
 25437 | Lair:5   | beem: static discharge[2/2]: Quite powerful early on, since
                  | it always hits and does a lot of damage in melee. Don't
                  | disregard it! Also, very good against blink frogs and
                  | unseen horrors!
 26000 | Lair:6   | Found a staircase to the Slime Pits.
 26799 | Lair:6   | Reached skill level 10 in Dodging
 26841 | Lair:6   | Offered knowledge of Starburst by Vehumet.
 26940 | Lair:6   | Reached skill level 5 in Ice Magic
 27152 | Lair:6   | Reached XP level 15. HP: 90/90 MP: 12/28
 27465 | Orc:1    | Entered Level 1 of the Orcish Mines
 27634 | Orc:1    | Noticed Harold
 28294 | D:11     | Killed Harold
 28332 | D:11     | Found a staircase to the Lair.
 29036 | D:11     | Killed Josephine
 29491 | Orc:1    | Found Beiwupa's Book Boutique.
 29518 | Orc:1    | Bought a book of Lightning for 504 gold pieces
 29518 | Orc:1    | Bought the Tome of Air for 616 gold pieces
 29524 | Orc:1    | Learned a level 5 spell: Lightning Bolt
 29531 | Orc:1    | Found Zerey's Jewellery Shop.
 29622 | Orc:1    | Found Iwaq's Antique Weapon Shoppe.
 29670 | Orc:1    | Found Ginipovo's Jewellery Shoppe.
 30003 | Orc:1    | Found Puum's Antique Weapon Boutique.
 30081 | Orc:2    | Entered Level 2 of the Orcish Mines
 30223 | Orc:2    | Found a staircase to the Elven Halls.
 31672 | Orc:2    | Offered knowledge of Conjure Ball Lightning by Vehumet.
 31946 | Orc:2    | Found Keikar's Antique Weapon Shop.
 31951 | Orc:2    | Found Buekesh's Antique Weapon Shoppe.
 31956 | Orc:2    | Found Jigheil's Weapon Boutique.
 31957 | Orc:2    | Found Anwoi's Weapon Shop.
 33004 | D:12     | Reached skill level 10 in Evocations
 33852 | D:11     | Found a staircase to the Orcish Mines.
 34145 | D:12     | Noticed Rupert
 34592 | D:12     | Noticed Snorg
 34601 | D:11     | Killed Snorg
 34831 | D:12     | Reached skill level 10 in Conjurations
 35016 | D:12     | Slain by a freezing wraith

Illustrated notes

Levels and vault maps discovered:
D:1:      dpeg_arrival_solitude, layout_basic
D:2:      layout_rooms, chequers_ecumenical_altar_simple, grunt_decor_fettered,
          uniq_sigmund
D:3:      layout_loops_cross, minivault_19, nrook_mini_vaults,
          kennysheep_jessica_study
D:4:      layout_cave_pools, gammafunk_ghost_split, serial_shops,
          kennysheep_mini_moat, serial_bayou_lagoon_a, uniq_pikel
D:5:      corexii_shack_village, layout_rooms, mainiacjoe_overflow_tiny_flanked,
          minmay_temple_entry_antechambers, serial_glass, glass_columns_a,
          glass_columns_b, glass_columns_a, glass_columns_b, uniq_grinder
D:6:      layout_cave_pools, general_overflow_altar, lemuel_tele_altar,
          kiku_gazebo_garden_becter, gammafunk_ghost_abyssal_escape
D:7:      statuecave_lemuel, layout_loops_corners
D:8:      layout_basic, uniq_erica, uniq_maggie
D:9:      layout_loops_cross, nicolae_wu_jian_immortal_techniques
D:10:     layout_gridville, mainiacjoe_overflow_boulevard,
          mainiacjoe_overflow_catwalk, hangedman_stone_soup
D:11:     cheibrodos_statue_roulette, layout_stronghold, lair_entry_dummy,
          orc_david_3, mrwooster_statue_mirror, uniq_psyche, uniq_josephine,
          uniq_urug
D:12:     minmay_the_grid_octo_tiled_octocenter [minmay_the_grid_octo_pinwheel,
          minmay_the_grid_octo_toaster, minmay_the_grid_octo_teeth,
          minmay_the_grid_octo_thin_diamonds,
          minmay_the_grid_octo_prize_square_snowflake,
          minmay_the_grid_square_5x5_six,
          minmay_the_grid_square_5x5_eight_small,
          minmay_the_grid_square_5x5_lines, minmay_the_grid_square_5x5_minimal],
          layout_irregular_city, minivault_11, minmay_evil_grid, uniq_fannar,
          uniq_rupert, uniq_snorg
Temple:   regret_index_temple_waves
Lair:1:   beast_lair_carwin_large_3, layout_regular_city
Lair:2:   layout_regular_city, minmay_snake_entry_guardpost_medium,
          chequers_serial_rivers_large_a, minmay_lair_oklob_chamber
Lair:3:   layout_loops_ring, grunt_megastairs_5
Lair:4:   beast_lair_carwin_large_4, layout_loops_ring,
          minmay_shoals_entry_beasts, serial_bayou, serial_bayou_crossing,
          serial_bayou_lake_a, serial_bayou_pond_c, serial_bayou_pond_e
Lair:5:   wander_river, layout_long_grid, small_statue_intersection,
          chequers_serial_rivers_room_b, grunt_megastairs_3, uniq_kirke
Lair:6:   grunt_lair_end_beastmaster, layout_regular_city,
          minmay_slime_entry_pillars, infiniplex_staircase_pool
Orc:1:    layout_caves, serial_shops, shop, nicolae_diamond_shop,
          nicolae_lakefront_shop, shop, nicolae_shop_stone, uniq_harold
Orc:2:    st_orc_open, layout_diamond_mine, basic_altar, nooodl_orcs_dogs

Skill      XL: |  1  2  3  4  5  6  7  8  9 10 11 12 13 14 15 |
---------------+----------------------------------------------+-----
Air Magic      | 5 6 8 10 11 13 16 18 19 20 | 20.9
Spellcasting   | 3 4 6 7 8 9 |  9.3
Fighting       | 4 5 9 |  9.0
Conjurations   | 2 5 7 8 10 | 10.0
Dodging        | 4 7 9 10 | 10.0
Stealth        | 4 |  4.0
Armour         | 2 |  2.0
Evocations     | 6 8 10 | 10.0
Poison Magic   | 3 |  3.0
Fire Magic     | 1 2 |  2.0
Transmutations | 1 2 |  2.0
Ice Magic      | 5 6 |  6.0

Action                   |  1- 3 |  4- 6 |  7- 9 | 10-12 | 13-15 || total
-------------------------+-------+-------+-------+-------+-------++-------
Melee: Unarmed           |     6 |       |       |       |       ||     6
       Peck              |     2 |       |     1 |     3 |     9 ||    15
       Kick              |     1 |     3 |     4 |     8 |    17 ||    33
       Staff             |       |     9 |    14 |    30 |    57 ||   110
Throw: Boomerang         |       |       |       |     2 |       ||     2
 Cast: Shock             |    91 |    38 |   107 |    75 |    13 ||   324
       Airstrike         |       |    12 |    79 |   284 |   541 ||   916
       Swiftness         |       |       |       |     1 |     1 ||     2
       Mephitic Cloud    |       |       |       |       |    58 ||    58
       Ignite Poison     |       |       |       |       |    35 ||    35
       Freezing Cloud    |       |       |       |       |    52 ||    52
       Static Discharge  |       |       |       |       |     2 ||     2
       Lightning Bolt    |       |       |       |       |    78 ||    78
Evoke: Wand              |       |       |       |     1 |    18 ||    19
       Box of beasts     |       |       |       |       |     2 ||     2
       Tin of tremorston |       |       |       |       |     1 ||     1
  Use: Scroll            |       |     5 |     6 |    10 |     6 ||    27
       Potion            |       |       |       |     2 |       ||     2
 Stab: Confused          |       |       |       |       |     1 ||     1
Armor: Robe              |     6 |     3 |     3 |     9 |    33 ||    54
       Steam dragon scal |       |       |       |    20 |       ||    20
Dodge: Dodged            |    21 |    17 |    31 |   129 |   232 ||   430
Block: Other             |       |       |       |       |     1 ||     1
       Reflection        |       |       |       |       |     1 ||     1

Table legend: (Time is in decaauts)
 A = Elapsed time spent in this place.
 B = Non-inter-level travel time spent in this place.
 C = Inter-level travel time spent in this place.
 D = Time resting spent in this place.
 E = Time spent auto-exploring this place.
 F = Levels seen in this place.
 G = Mean time per level.
                   A        B        C        D        E       F      G
               +--------+--------+--------+--------+--------+-----+--------+
         Total |  33636 |  32106 |   1530 |   8453 |  18957 |  21 | 1601.7 |
       Dungeon |  21208 |  20200 |   1008 |   5584 |  12020 |  12 | 1767.3 |
        Temple |    139 |    131 |      8 |      0 |    128 |   1 |  139.0 |
          Lair |   9246 |   8832 |    414 |   1812 |   5497 |   6 | 1541.0 |
  Orcish Mines |   3042 |   2944 |     98 |   1056 |   1310 |   2 | 1521.0 |
               +--------+--------+--------+--------+--------+-----+--------+

Top non-repeatable levels by time:
    D:11: 6443 daAuts
  Lair:6: 1894 daAuts
     D:5: 1836 daAuts
    D:10: 1829 daAuts
  Lair:3: 1814 daAuts
     D:8: 1700 daAuts
  Lair:5: 1622 daAuts
   Orc:1: 1610 daAuts
     D:1: 1595 daAuts
  Lair:4: 1592 daAuts
     D:6: 1543 daAuts
     D:9: 1461 daAuts
   Orc:2: 1431 daAuts
     D:7: 1364 daAuts
  Lair:2: 1267 daAuts
